 Dungeon Crawl Stone Soup version 0.27-a0-1557-g57f10a385c (webtiles) character file.

Game seed: 14304582938461450600

43 lunkers the Ruffian (level 3, -1/29 HPs)
             Began as a Ghoul Warper on July 15, 2021.
             Slain by Natasha (2 damage)
             ... on level 2 of the Dungeon.
             The game lasted 00:01:45 (2202 turns).

lunkers the Ruffian (Ghoul Warper)                  Turns: 2202, Time: 00:01:46

Health: -1/29      AC:  5    Str: 15    XL:     3   Next: 58%
Magic:  4/4        EV: 10    Int:  8    God:
Gold:   34         SH:  0    Dex:  8    Spells: 5/5 levels left

rFire    . . .     SeeInvis .     - Unarmed
rCold    + . .     Faith    .   (no shield)
rNeg     + + +     Spirit   .   h - +0 ring mail
rPois    ∞         Reflect  .   (no helmet)
rElec    .         Harm     .   (no cloak)
rCorr    .         Rampage  .   (no gloves)
Will     .....                  (no boots)
Stlth    ..........             (no amulet)
HPRegen  0.00/turn              (no ring)
MPRegen  0.09/turn              (no ring)

@: no status effects
A: claws 1, cold resistance 1, negative energy resistance 3, inhibited
regeneration, torment resistance 2
a: no special abilities


You were on level 2 of the Dungeon.
You visited 1 branch of the dungeon, and saw 2 of its levels.

You collected 34 gold pieces.

Inventory:

Missiles
 c - 5 boomerangs of dispersal
 g - 89 stones
Armour
 a - a +0 leather armour
 h - a +0 ring mail (worn)
Scrolls
 d - a scroll of fog {unknown}
 e - a scroll of enchant armour {unknown}
 f - a scroll of identify {unknown}


   Skills:
 - Level 2.1 Fighting
 - Level 0.8 Throwing
 - Level 0.8 Armour
 - Level 1.7 Dodging
 * Level 4.2 Unarmed Combat
 - Level 1.7 Spellcasting
 - Level 2.6 Translocations


You had 5 spell levels left.
You didn't know any spells.
Your spell library contained the following spells:

 Spells                   Type           Power      Damage    Failure   Level
 Blink                    Tloc           N/A        N/A       36%         2
 Gell's Gravitas          Tloc           2%         N/A       58%         3
 Lesser Beckoning         Tloc           2%         N/A       58%         3
 Teleport Other           Tloc           5%         N/A       58%         3
 Manifold Assault         Tloc           5%         N/A       100%        5


Dungeon Overview and Level Annotations

Branches:
Dungeon (2/15)

Altars:

Annotations:
D:2 Natasha


Innate Abilities, Weirdness & Mutations

You thrive by killing the living.
You are immune to poison.
You have sharp fingernails.
Your flesh is cold resistant. (rC+)
You are immune to negative energy. (rN+++)
You do not regenerate when monsters are visible.
You are immune to unholy pain and torment.


Message History

Natasha mumbles some strange words.
You scratch the endoplasm.
The endoplasm is moderately wounded.
The endoplasm hits you but does no damage.
You claw the endoplasm!
You kill the endoplasm!
You feel better. Natasha casts a spell at you.
You feel yourself slow down. Natasha casts a spell at you.
The magic dart hits you!
* * * LOW HITPOINT WARNING * * *
You are too injured to fight recklessly!
You are too injured to fight recklessly!
You are too injured to fight recklessly!
Natasha stares at you and mumbles some strange words.
You resist with significant effort. The shadow imp closely misses you.
There is a stone staircase leading down here.
Natasha claws you!
* * * LOW HITPOINT WARNING * * *
Blink to where?
Press: ? - help, Dir - move target
As you read the scroll of blinking, it crumbles to dust.
You hear a zap.
You hear a grinding noise.
The shadow imp disappears in a puff of smoke!
Natasha zaps a wand.
You hear a grinding noise.
Natasha closely misses you.
You scratch Natasha.
Natasha is moderately wounded.
Natasha claws you!
* * * LOW HITPOINT WARNING * * *
You scratch Natasha but do no damage.
Natasha is moderately wounded.
You feel yourself speed up.
Natasha wildly gestures.
Natasha shimmers violently.
Natasha mumbles some strange words.
Natasha claws you.
You die...

#..........
######.h... #.§...
####5.... #....#...
###########†######.
####...........# #
#####....#h#########
########.....###@#
.........######.##
########## #.# # #.#
#.# #.# ##


You could see Natasha.

Vanquished Creatures
  An adder (D:2)
  2 dart slugs
  2 bats (D:1)
  An endoplasm (D:2)
  A giant cockroach (D:1)
  4 goblins (D:1)
  2 hobgoblins (D:2)
  3 jackals (D:1)
  A quokka (D:1)
  3 ball pythons (D:1)
  5 kobolds (D:1)
  5 rats (D:1)
30 creatures vanquished.

Notes
Turn   | Place    | Note
-------+----------+-------------------------------------------
     0 | D:1      | lunkers the Ghoul Warper began the quest for the Orb.
     0 | D:1      | Reached XP level 1. HP: 17/17 MP: 2/2
   582 | D:1      | Reached skill level 3 in Unarmed Combat
   582 | D:1      | Reached XP level 2. HP: 19/24 MP: 3/3
  1564 | D:1      | Reached XP level 3. HP: 25/29 MP: 4/4
  2022 | D:2      | Reached skill level 4 in Unarmed Combat
  2181 | D:2      | Noticed Natasha
  2201 | D:2      | HP: 1/29 [Natasha (7)]
  2202 | D:2      | Slain by Natasha

Illustrated notes

Levels and vault maps discovered:
D:1:      lightli_arrival_lavapool, layout_basic
D:2:      layout_rooms, ebering_ecumenical_altar_ruins, uniq_natasha,
          uniq_sigmund

Skill      XL: |  1  2  3 |
---------------+----------+-----
Unarmed Combat | 3 4 |  4.2
Fighting       | |  2.1
Throwing       | |  0.8
Armour         | |  0.8
Dodging        | |  1.7
Spellcasting   | |  1.7
Translocations | |  2.6

Action                   || total
-------------------------++-------
Melee: Unarmed           ||   122
  Use: Scroll            ||     1
Armor: Leather armour    ||    24
       Ring mail         ||    10
Dodge: Dodged            ||    64

Table legend: (Time is in decaauts)
 A = Elapsed time spent in this place.
 B = Non-inter-level travel time spent in this place.
 C = Inter-level travel time spent in this place.
 D = Time resting spent in this place.
 E = Time spent auto-exploring this place.
 F = Levels seen in this place.
 G = Mean time per level.
                   A        B        C        D        E       F      G
               +--------+--------+--------+--------+--------+-----+--------+
         Total |   2202 |   2162 |     40 |    114 |   1793 |   2 | 1101.0 |
       Dungeon |   2202 |   2162 |     40 |    114 |   1793 |   2 | 1101.0 |
               +--------+--------+--------+--------+--------+-----+--------+

Top non-repeatable levels by time:
     D:1: 1992 daAuts
     D:2: 209 daAuts
